 Dungeon Crawl Stone Soup version 0.21.1-1-g345015f (webtiles) character file.

157942 tidbits the Nimble (level 17, -4/135 HPs)
             Began as a Gnoll Monk on Mar 9, 2018.
             Was a High Priest of Cheibriados.
             Shot with a bolt by a naga sharpshooter (14 damage)
             ... on level 4 of the Snake Pit.
             The game lasted 01:41:59 (7248 turns).

tidbits the Nimble (Gnoll Monk)                     Turns: 7248, Time: 01:42:00

Health: -4/135     AC: 23    Str: 28    XL:     17   Next: 41%
Magic:  27/31      EV: 20    Int: 31    God:    Cheibriados [*****.]
Gold:   243        SH: 14    Dex: 28    Spells: 28/37 levels left

rFire    + . .     SeeInvis .   a - +9 short sword "Xamuybir" {pain, rElec rC+ MR+}
rCold    + . .     Gourm    .   D - +0 shield
rNeg     + . .     Faith    .   B - +3 ring mail "Lougien" {rF+}
rPois    +         Spirit   .   E - +2 helmet
rElec    +         Reflect  .   C - +2 cloak
rCorr    .         Harm     .   G - +1 pair of gloves
MR       +++++                  (no boots)
Stlth    +++++.....             R - amulet of Trepidation {MR+ Regen+}
HPRegen  0.72/turn              M - ring "Aheuga" {rElec rPois rN+ MR++ Str+3}
MPRegen  0.22/turn              U - +4 ring of protection

@: lethally poisoned (-4 -> -5), constricted, very slow
A: distributed training, fangs 1, strong nose
}: 1/15 runes: decaying
a: Bend Time, Temporal Distortion, Slouch, Step From Time, Renounce Religion


You were on level 4 of the Snake Pit.
You worshipped Cheibriados.
Cheibriados was extremely pleased with you.
You were not hungry.

You visited 5 branches of the dungeon, and saw 28 of its levels.
You also visited: Labyrinth, Sewer and Ice Cave.

You collected 1680 gold pieces.
You spent 1437 gold pieces at shops.

Inventory:

Hand Weapons
 a - the +9 short sword "Xamuybir" (weapon) {pain, rElec rC+ MR+}
   (You found it on level 4 of the Dungeon)

   In the hands of one skilled in necromantic magic, it inflicts extra damage on
   living creatures.
   It protects you from cold.
   It insulates you from electricity.
   It affects your resistance to hostile enchantments.
 j - a +0 broad axe
 k - a +4 demon trident of piercing
   (You took it off Urug on level 5 of the Lair of Beasts)
 H - the +6 shillelagh "Devastator" {shatter}
   (You found it on level 2 of the Swamp)
Missiles
 n - 4 throwing nets {!f}
 F - 3 javelins (quivered)
 K - 280 arrows
 L - 4 javelins of penetration
Armour
 s - +0 acid dragon scales
 B - the +3 ring mail "Lougien" (worn) {rF+}
   (You found it on level 9 of the Dungeon)

   It protects you from fire.
 C - a +2 cloak (worn)
 D - a +0 shield (worn)
 E - a +2 helmet (worn)
 G - a +1 pair of gloves (worn)
 S - a +1 hat
Magical Staves
 e - an uncursed staff of energy {!a}
   (You found it on level 6 of the Dungeon)
Jewellery
 I - an uncursed ring of see invisible
   (You found it on level 5 of the Dungeon)
 M - the ring "Aheuga" (left hand) {rElec rPois rN+ MR++ Str+3}
   (You found it on level 7 of the Dungeon)

   [ring of positive energy]

   It affects your strength (+3).
   It insulates you from electricity.
   It protects you from poison.
   It protects you from negative energy.
   It affects your resistance to hostile enchantments.
 Q - an uncursed ring of resist corrosion
   (You bought it in a shop on level 2 of the Snake Pit)
 R - the amulet of Trepidation (around neck) {MR+ Regen+}
   (You found it in a labyrinth)

   [amulet of regeneration]

   It affects your resistance to hostile enchantments.
   It increases your rate of regeneration.
 U - a +4 ring of protection (right hand)
   (You bought it in a shop on level 3 of the Snake Pit)
 W - an uncursed ring of protection from cold
   (You found it on level 3 of the Lair of Beasts)
Wands
 p - a wand of paralysis (28)
 V - a wand of scattershot (4)
 X - a wand of acid (16)
Scrolls
 f - 2 scrolls of magic mapping
 h - 6 scrolls of amnesia
 o - 2 scrolls of blinking
 r - 11 scrolls of remove curse
 u - a scroll of holy word
 v - 2 scrolls of teleportation
 x - 6 scrolls of fear
 P - 2 scrolls of enchant weapon
Potions
 d - a potion of ambrosia
 g - 3 potions of flight
 i - 2 potions of magic
 l - 3 potions of cancellation
 m - a potion of might
 z - a potion of resistance
 N - a potion of agility
 O - 7 potions of brilliance
 Z - 4 potions of curing
Books
 q - a book of Air
   (You found it on level 6 of the Lair of Beasts)

   Spells                             Type                      Level
   a - Shock                          Conjuration/Air              1
   b - Swiftness                      Charms/Air                   2
   c - Static Discharge               Conjuration/Air              3
   d - Airstrike                      Air                          4
   e - Lightning Bolt                 Conjuration/Air              5
 y - a book of Maledictions
   (You found it on level 12 of the Dungeon)

   Spells                             Type                      Level
   a - Corona                         Hexes                        1
   b - Ensorcelled Hibernation        Hexes/Ice                    2
   c - Confuse                        Hexes                        3
   d - Tukima's Dance                 Hexes                        3
   e - Dazzling Spray                 Conjuration/Hexes            3
 T - a book of Conjurations
   (You found it on level 8 of the Dungeon)

   Spells                             Type                      Level
   a - Magic Dart                     Conjuration                  1
   b - Searing Ray                    Conjuration                  2
   c - Dazzling Spray                 Conjuration/Hexes            3
   d - Fulminant Prism                Conjuration/Hexes            4
   e - Force Lance                    Conjuration/Translocation    4
   f - Iskenderun's Mystic Blast      Conjuration                  4
Miscellaneous
 b - a phantom mirror
 t - a lamp of fire
 A - a box of beasts
 J - a sack of spiders
 Y - a phial of floods
Comestibles
 c - 26 rations


   Skills:
 + Level 12.5 Fighting
 + Level 12.5 Short Blades
 + Level 10.9 Long Blades
 + Level 10.9 Axes
 + Level 10.9 Maces & Flails
 + Level 10.9 Polearms
 + Level 10.9 Staves
 + Level 10.9 Slings
 + Level 10.9 Bows
 + Level 10.9 Crossbows
 + Level 10.9 Throwing
 + Level 10.9 Armour
 + Level 12.5 Dodging
 + Level 11.6 Stealth
 + Level 10.9 Shields
 + Level 10.9 Unarmed Combat
 + Level 10.9 Spellcasting
 + Level 9.3 Conjurations
 + Level 9.3 Hexes
 + Level 9.3 Charms
 + Level 9.3 Summonings
 + Level 9.3 Necromancy
 + Level 9.3 Translocations
 + Level 9.3 Transmutations
 + Level 9.3 Fire Magic
 + Level 9.3 Ice Magic
 + Level 9.3 Air Magic
 + Level 9.3 Earth Magic
 + Level 9.3 Poison Magic
 + Level 11.8 Invocations
 + Level 10.9 Evocations


You had 28 spell levels left.
You knew the following spells:

 Your Spells              Type           Power        Failure   Level  Hunger
d - Dazzling Spray        Conj/Hex       ######       1%          3    None
e - Ensorcelled Hibernat  Hex/Ice        ######       1%          2    None
F - Fulminant Prism       Conj/Hex       ######....   1%          4    None


Dungeon Overview and Level Annotations

Branches:
Dungeon (13/15)            Temple (1/1) D:7            Lair (6/6) D:11
  Swamp (4/4) Lair:4        Snake (4/4) Lair:4          Orc (0/2) D:9
  Slime: Lair:5-6    Vaults: D:13-14

Altars:
Ashenzari
Cheibriados
Dithmenos
Elyvilon
Fedhas
Gozag
Hepliaklqana
Kikubaaqudgha
Makhleb
Okawaru
Qazlal
Ru
Sif Muna
Trog
Uskayaw
Vehumet
Wu Jian
Xom
Yredelemnul
Zin
The Shining One

Shops:
Snake:2 =%*%   Snake:3 }==

Annotations:
Lair:2 Harold


Innate Abilities, Weirdness & Mutations

Your experience applies equally to all skills.
You have very sharp teeth.
Your uncanny sense of smell can sniff out nearby items.


Message History

The naga warrior is almost dead.
The iceblast engulfs the naga mage.
You kill the naga mage!
Cheibriados thoroughly appreciates the change of pace.
The naga shouts!
The now-empty wand crumbles to dust.
You feel sick.
You hear a shout!
* * * LOW HITPOINT WARNING * * *
The naga warrior spits poison at you. The splash of poison misses you.
The naga warrior spits poison at you. You block the splash of poison.
A naga mage and a naga ritualist come into view.
The naga ritualist is wielding a scimitar of venom.
Unknown command.
You can feel time thicken for a moment.
You kill the naga mage!
Cheibriados appreciates the change of pace.
You feel somewhat more hungry.
Cheibriados lowers the support of your attributes as your movement quickens.
You are more poisoned.
The naga ritualist moves out of view.
The naga sharpshooter mumbles some strange words.
The naga sharpshooter magically shoots a bolt.
You block the bolt.
The naga mage mumbles some strange words.
The naga mage seems to speed up.
A naga warrior comes into view. It is wielding a flail.
The naga warrior shouts!
You hear a shout! x2
A naga mage comes into view. It is wielding a halberd.
Unknown command.
You can feel time thicken for a moment.
You kill the naga warrior!
Cheibriados thoroughly appreciates the change of pace.
You feel somewhat more hungry.
Cheibriados lowers the support of your attributes as your movement quickens.
You feel sick.
The naga sharpshooter casts a spell.
The naga sharpshooter magically shoots a bolt.
The bolt misses you. The naga warrior spits poison at you.
The splash of poison misses you.
Unknown command.
Magic courses through your body.
You feel sick.
The naga mage moves out of view.
The naga sharpshooter mumbles some strange words.
The naga sharpshooter magically shoots a bolt.
You block the bolt.
The naga mage casts a spell.
The naga mage seems to speed up.
The naga warrior hits you with a battleaxe!
* * * LOW HITPOINT WARNING * * *
You block the naga warrior's attack.
The naga sharpshooter unwields an uncursed glaive.
The naga sharpshooter wields an uncursed arbalest.
The naga sharpshooter casts a spell.
The naga sharpshooter magically shoots a bolt.
The bolt hits you but does no damage.
You hear a shout!
A naga, a naga mage and a naga sharpshooter come into view.
The naga sharpshooter is wielding a mace of crushing.
Unknown command.
You can feel time thicken for a moment.
You kill the naga warrior!
Cheibriados thoroughly appreciates the change of pace.
You kill the naga mage!
Cheibriados thoroughly appreciates the change of pace.
You feel somewhat more hungry.
Cheibriados lowers the support of your attributes as your movement quickens.
The naga sharpshooter casts a spell.
The naga sharpshooter magically shoots a bolt.
You block the bolt.
The naga sharpshooter unwields an uncursed short sword.
The naga sharpshooter wields an uncursed shortbow.
The naga sharpshooter casts a spell.
The naga sharpshooter magically shoots an arrow.
The arrow hits you!
* * * LOW HITPOINT WARNING * * *
The naga sharpshooter casts a spell.
The naga sharpshooter magically shoots a bolt.
You block the bolt. You block the naga warrior's attack.
The naga warrior grabs you. The naga warrior constricts you.
The naga mage gestures wildly while chanting.
The naga mage seems to speed up.
The naga ritualist mumbles some strange words.
The naga ritualist begins to radiate toxic energy.
The naga warrior hits you with a battleaxe!!
* * * LOW HITPOINT WARNING * * *
The naga sharpshooter casts a spell.
The naga sharpshooter magically shoots a bolt.
The bolt hits you.
* * * LOW HITPOINT WARNING * * *
A naga mage comes into view. It is wielding a club.
You feel better.
* * * LOW HITPOINT WARNING * * *
You are poisoned.
The naga sharpshooter mumbles some strange words.
The naga sharpshooter magically shoots a bolt.
The bolt hits you!
You die...

∆...⌠...##S .#.NN..N..## .
..N.NNNN...##N.
......N.#....)N
...N.NNN..N.) .....N.)..!#
......)NNN..#
##...##.NN##########
..........N@............?≈P
##.............)........
..P.≈
#.......................
.P.P
#.............(.........
PP≈♣
N.......[..............#


PP≈ #......................# ≈≈ #.....................########P
#.....†....######.#+#.#+....#†. ##..........#....###.+.##....[.. You could see 3
naga warriors, a nagaraja, 5 naga sharpshooters, 2 naga ritualists, 4 naga magi
and 4 nagas.

Vanquished Creatures
  Gastronok (D:8)
  Kirke (Lair:5)
  2 thorn hunters (Swamp:4)
  4 nagarajas
  A minotaur (Lab)
  A fire dragon (Lair:6)
  20 hydras
  7 naga warriors (Snake:4)
  2 alligators
  2 catoblepae
  A two-headed ogre (D:9)
  6 anacondas
  7 death yaks
  Urug (Lair:5)
  5 shock serpents
  9 naga sharpshooters
  Nergalle (Lair:2)
  A fire crab (Lair:4)
  10 swamp dragons
  A spriggan druid (Swamp:4)
  4 naga ritualists
  A shambling mangrove (Swamp:4)
  A lindwurm (Lair:6)
  A deep elf mage (D:12)
  5 mana vipers
  An ugly thing (D:11)
  2 manticores (Lair:6)
  4 salamanders
  2 ice statues (IceCv)
  25 black mambas
  18 elephants
  A centaur zombie (D:12)
  A guardian serpent (Snake:4)
  9 spiny frogs
  A torpor snail (Lair:6)
  Joseph (D:8)
  12 naga magi
  6 komodo dragons
  5 rime drakes
  7 ice devils (IceCv)
  A tyrant leech (Swamp:1)
  4 hornets (Swamp:4)
  10 blink frogs (Lair:6)
  3 dream sheep (Lair:6)
  5 bog bodies
  4 hippogriffs
  Sigmund (D:5)
  A meliai zombie (D:12)
  3 basilisks (Lair:6)
  27 yaks
  5 vampire mosquitoes
  2 hogs (Lair:5)
  A hungry ghost (D:12)
  A steam dragon (Lair:6)
  8 swamp worms
  20 nagas
  Edmund (D:5)
  A soldier ant (D:12)
  6 insubstantial wisps (Swamp:2)
  An acid dragon (Lair:6)
  13 water moccasins
  3 porcupines
  2 orc warriors
  16 swamp drakes
  A black bear (D:5)
  2 ice beasts
  2 sky beasts
  3 phantoms
  3 ogres
  6 crocodiles
  4 wolves (Lair:5)
  4 centaurs
  2 big kobolds
  Blork the orc (D:5)
  12 bullfrogs
  A gnoll sergeant (D:10)
  3 scorpions
  11 killer bees
  A water moccasin skeleton (D:9)
  A crimson imp (D:7)
  A jelly (D:10)
  5 hounds
  3 orc priests
  5 iguanas
  An orc wizard (D:11)
  2 worker ants
  A worker ant zombie (D:2)
  4 gnolls (D:10)
  7 adders
  3 river rats (Sewer)
  4 white imps (IceCv)
  5 ufetubi (IceCv)
  An ooze (D:6)
  A dart slug (D:1)
  4 leopard geckos
  14 orcs
  7 ball pythons
  4 bats
  7 giant cockroaches
  9 goblins
  4 hobgoblins
  2 frilled lizards
  22 kobolds
  A quokka skeleton (D:5)
  A quokka zombie (D:6)
  24 rats
  A plant (D:11)
529 creatures vanquished.

Vanquished Creatures (others)
  A wolf (Lair:5)
  2 white imps (IceCv)
  5 ufetubi (IceCv)
  A fungus (Lair:2)
  3 plants
12 creatures vanquished.

Grand Total: 541 creatures vanquished

Notes
Turn   | Place    | Note
-------+----------+-------------------------------------------
     0 | D:1      | tidbits the Gnoll Monk began the quest for the Orb.
     0 | D:1      | Reached XP level 1. HP: 23/23 MP: 1/1
    74 | D:1      | Reached XP level 2. HP: 29/29 MP: 2/2
   217 | D:1      | Reached XP level 3. HP: 23/35 MP: 3/3
   329 | D:2      | Reached skill level 1 in Invocations
   345 | D:2      | Reached skill level 1 in Long Blades
   345 | D:2      | Reached skill level 1 in Axes
   345 | D:2      | Reached skill level 1 in Maces & Flails
   345 | D:2      | Reached skill level 1 in Polearms
   345 | D:2      | Reached skill level 1 in Staves
   345 | D:2      | Reached skill level 1 in Slings
   345 | D:2      | Reached skill level 1 in Bows
   345 | D:2      | Reached skill level 1 in Crossbows
   345 | D:2      | Reached skill level 1 in Throwing
   345 | D:2      | Reached skill level 1 in Armour
   345 | D:2      | Reached skill level 1 in Shields
   345 | D:2      | Reached skill level 1 in Unarmed Combat
   345 | D:2      | Reached skill level 1 in Spellcasting
   345 | D:2      | Reached skill level 1 in Evocations
   345 | D:2      | Reached XP level 4. HP: 34/41 MP: 5/5
   431 | D:3      | Found a glowing drain.
   462 | Sewer    | Entered a sewer
   571 | Sewer    | Reached skill level 1 in Conjurations
   571 | Sewer    | Reached skill level 1 in Hexes
   571 | Sewer    | Reached skill level 1 in Charms
   571 | Sewer    | Reached skill level 1 in Summonings
   571 | Sewer    | Reached skill level 1 in Necromancy
   571 | Sewer    | Reached skill level 1 in Translocations
   571 | Sewer    | Reached skill level 1 in Transmutations
   571 | Sewer    | Reached skill level 1 in Fire Magic
   571 | Sewer    | Reached skill level 1 in Ice Magic
   571 | Sewer    | Reached skill level 1 in Air Magic
   571 | Sewer    | Reached skill level 1 in Earth Magic
   571 | Sewer    | Reached skill level 1 in Poison Magic
   624 | Sewer    | Reached XP level 5. HP: 38/47 MP: 6/6
   865 | Sewer    | Noticed a big kobold
   881 | Sewer    | Killed a big kobold
   881 | Sewer    | Reached XP level 6. HP: 16/53 MP: 8/8
  1038 | D:4      | Reached skill level 2 in Invocations
  1086 | D:4      | Got an ichor-stained short sword
  1087 | D:4      | Identified the +9 short sword "Xamuybir" {pain, rElec rC+ MR+} (You found it on level 4 of the Dungeon)
  1127 | D:5      | Entered Level 5 of the Dungeon
  1188 | D:5      | Noticed a phantom
  1245 | D:5      | Killed a phantom
  1245 | D:5      | Reached skill level 2 in Long Blades
  1245 | D:5      | Reached skill level 2 in Axes
  1245 | D:5      | Reached skill level 2 in Maces & Flails
  1245 | D:5      | Reached skill level 2 in Polearms
  1245 | D:5      | Reached skill level 2 in Staves
  1245 | D:5      | Reached skill level 2 in Slings
  1245 | D:5      | Reached skill level 2 in Bows
  1245 | D:5      | Reached skill level 2 in Crossbows
  1245 | D:5      | Reached skill level 2 in Throwing
  1245 | D:5      | Reached skill level 2 in Armour
  1245 | D:5      | Reached skill level 2 in Shields
  1245 | D:5      | Reached skill level 2 in Unarmed Combat
  1245 | D:5      | Reached skill level 2 in Spellcasting
  1245 | D:5      | Reached skill level 2 in Evocations
  1266 | D:6      | Noticed a slave
  1296 | D:5      | Noticed Sigmund
  1303 | D:5      | Killed Sigmund
  1303 | D:5      | Reached skill level 7 in Fighting
  1303 | D:5      | Reached skill level 7 in Short Blades
  1303 | D:5      | Reached skill level 7 in Dodging
  1303 | D:5      | Reached XP level 7. HP: 56/60 MP: 10/10
  1392 | D:6      | Noticed Edmund
  1415 | D:5      | Killed Edmund
  1415 | D:5      | Reached skill level 2 in Conjurations
  1415 | D:5      | Reached skill level 2 in Hexes
  1415 | D:5      | Reached skill level 2 in Charms
  1415 | D:5      | Reached skill level 2 in Summonings
  1415 | D:5      | Reached skill level 2 in Necromancy
  1415 | D:5      | Reached skill level 2 in Translocations
  1415 | D:5      | Reached skill level 2 in Transmutations
  1415 | D:5      | Reached skill level 2 in Fire Magic
  1415 | D:5      | Reached skill level 2 in Ice Magic
  1415 | D:5      | Reached skill level 2 in Air Magic
  1415 | D:5      | Reached skill level 2 in Earth Magic
  1415 | D:5      | Reached skill level 2 in Poison Magic
  1417 | D:5      | Reached skill level 5 in Stealth
  1417 | D:5      | Reached skill level 3 in Invocations
  1444 | D:5      | Noticed Blork the orc
  1447 | D:5      | Killed Blork the orc
  1451 | D:5      | HP: 3/60 [ogre/giant club (10)]
  1454 | D:5      | Reached XP level 8. HP: 31/67 MP: 12/12
  1496 | D:5      | Reached skill level 3 in Long Blades
  1496 | D:5      | Reached skill level 3 in Axes
  1496 | D:5      | Reached skill level 3 in Maces & Flails
  1496 | D:5      | Reached skill level 3 in Polearms
  1496 | D:5      | Reached skill level 3 in Staves
  1496 | D:5      | Reached skill level 3 in Slings
  1496 | D:5      | Reached skill level 3 in Bows
  1496 | D:5      | Reached skill level 3 in Crossbows
  1496 | D:5      | Reached skill level 3 in Throwing
  1496 | D:5      | Reached skill level 3 in Armour
  1496 | D:5      | Reached skill level 3 in Shields
  1496 | D:5      | Reached skill level 3 in Unarmed Combat
  1496 | D:5      | Reached skill level 3 in Spellcasting
  1496 | D:5      | Reached skill level 3 in Evocations
  1613 | D:6      | Reached skill level 3 in Conjurations
  1613 | D:6      | Reached skill level 3 in Hexes
  1613 | D:6      | Reached skill level 3 in Charms
  1613 | D:6      | Reached skill level 3 in Summonings
  1613 | D:6      | Reached skill level 3 in Necromancy
  1613 | D:6      | Reached skill level 3 in Translocations
  1613 | D:6      | Reached skill level 3 in Transmutations
  1613 | D:6      | Reached skill level 3 in Fire Magic
  1613 | D:6      | Reached skill level 3 in Ice Magic
  1613 | D:6      | Reached skill level 3 in Air Magic
  1613 | D:6      | Reached skill level 3 in Earth Magic
  1613 | D:6      | Reached skill level 3 in Poison Magic
  1613 | D:6      | Reached skill level 4 in Invocations
  1616 | D:6      | Reached XP level 9. HP: 39/72 MP: 14/14
  1734 | D:7      | Reached skill level 4 in Long Blades
  1734 | D:7      | Reached skill level 4 in Axes
  1734 | D:7      | Reached skill level 4 in Maces & Flails
  1734 | D:7      | Reached skill level 4 in Polearms
  1734 | D:7      | Reached skill level 4 in Staves
  1734 | D:7      | Reached skill level 4 in Slings
  1734 | D:7      | Reached skill level 4 in Bows
  1734 | D:7      | Reached skill level 4 in Crossbows
  1734 | D:7      | Reached skill level 4 in Throwing
  1734 | D:7      | Reached skill level 4 in Armour
  1734 | D:7      | Reached skill level 4 in Shields
  1734 | D:7      | Reached skill level 4 in Unarmed Combat
  1734 | D:7      | Reached skill level 4 in Spellcasting
  1734 | D:7      | Reached skill level 4 in Evocations
  1800 | D:7      | Found a staircase to the Ecumenical Temple.
  1811 | Temple   | Entered the Ecumenical Temple
  1874 | Temple   | Became a worshipper of Cheibriados the Contemplative
  1874 | Temple   | Reached * piety under Cheibriados
  1874 | Temple   | Reached ** piety under Cheibriados
  1921 | D:7      | Got a translucent jade ring
  1923 | D:7      | Identified the ring "Aheuga" {rElec rPois rN+ MR++ Str+3} (You found it on level 7 of the Dungeon)
  1935 | D:7      | Reached skill level 6 in Stealth
  2015 | D:7      | Found a shattered altar of Ashenzari.
  2070 | D:7      | Reached skill level 8 in Fighting
  2070 | D:7      | Reached skill level 8 in Short Blades
  2070 | D:7      | Reached skill level 8 in Dodging
  2179 | D:8      | Noticed Joseph
  2201 | D:8      | Killed Joseph
  2201 | D:8      | Reached skill level 5 in Invocations
  2208 | D:8      | Noticed Gastronok
  2220 | D:8      | Killed Gastronok
  2220 | D:8      | Reached skill level 5 in Long Blades
  2220 | D:8      | Reached skill level 5 in Axes
  2220 | D:8      | Reached skill level 5 in Maces & Flails
  2220 | D:8      | Reached skill level 5 in Polearms
  2220 | D:8      | Reached skill level 5 in Staves
  2220 | D:8      | Reached skill level 5 in Slings
  2220 | D:8      | Reached skill level 5 in Bows
  2220 | D:8      | Reached skill level 5 in Crossbows
  2220 | D:8      | Reached skill level 5 in Throwing
  2220 | D:8      | Reached skill level 5 in Armour
  2220 | D:8      | Reached skill level 5 in Shields
  2220 | D:8      | Reached skill level 5 in Unarmed Combat
  2220 | D:8      | Reached skill level 5 in Spellcasting
  2220 | D:8      | Reached skill level 4 in Conjurations
  2220 | D:8      | Reached skill level 4 in Hexes
  2220 | D:8      | Reached skill level 4 in Charms
  2220 | D:8      | Reached skill level 4 in Summonings
  2220 | D:8      | Reached skill level 4 in Necromancy
  2220 | D:8      | Reached skill level 4 in Translocations
  2220 | D:8      | Reached skill level 4 in Transmutations
  2220 | D:8      | Reached skill level 4 in Fire Magic
  2220 | D:8      | Reached skill level 4 in Ice Magic
  2220 | D:8      | Reached skill level 4 in Air Magic
  2220 | D:8      | Reached skill level 4 in Earth Magic
  2220 | D:8      | Reached skill level 4 in Poison Magic
  2220 | D:8      | Reached skill level 5 in Evocations
  2220 | D:8      | Reached XP level 10. HP: 66/82 MP: 15/17
  2321 | D:9      | Got a slimy ring mail
  2337 | D:9      | Identified the +3 ring mail "Lougien" {rF+} (You found it on level 9 of the Dungeon)
  2350 | D:9      | Noticed a two-headed ogre
  2358 | D:9      | Killed a two-headed ogre
  2358 | D:9      | Reached skill level 6 in Invocations
  2400 | D:7      | Learned a level 3 spell: Dazzling Spray
  2427 | D:9      | Reached skill level 7 in Stealth
  2481 | D:9      | Found a staircase to the Orcish Mines.
  2514 | D:10     | Entered Level 10 of the Dungeon
  2610 | D:10     | Reached *** piety under Cheibriados
  2675 | D:10     | Reached XP level 11. HP: 86/87 MP: 19/19
  2732 | D:11     | Noticed a brown ugly thing
  2747 | D:11     | Killed a brown ugly thing
  2763 | D:11     | Noticed a skeletal warrior
  2872 | D:11     | You fall through a shaft!
  2904 | D:13     | Noticed a skeletal warrior
  2916 | D:12     | Reached skill level 9 in Fighting
  2916 | D:12     | Reached skill level 9 in Short Blades
  2916 | D:12     | Reached skill level 9 in Dodging
  2917 | D:12     | Reached **** piety under Cheibriados
  2917 | D:12     | Reached skill level 6 in Long Blades
  2917 | D:12     | Reached skill level 6 in Axes
  2917 | D:12     | Reached skill level 6 in Maces & Flails
  2917 | D:12     | Reached skill level 6 in Polearms
  2917 | D:12     | Reached skill level 6 in Staves
  2917 | D:12     | Reached skill level 6 in Slings
  2917 | D:12     | Reached skill level 6 in Bows
  2917 | D:12     | Reached skill level 6 in Crossbows
  2917 | D:12     | Reached skill level 6 in Throwing
  2917 | D:12     | Reached skill level 6 in Armour
  2917 | D:12     | Reached skill level 6 in Shields
  2917 | D:12     | Reached skill level 6 in Unarmed Combat
  2917 | D:12     | Reached skill level 6 in Spellcasting
  2917 | D:12     | Reached skill level 6 in Evocations
  2932 | D:12     | Reached skill level 5 in Conjurations
  2932 | D:12     | Reached skill level 5 in Hexes
  2932 | D:12     | Reached skill level 5 in Charms
  2932 | D:12     | Reached skill level 5 in Summonings
  2932 | D:12     | Reached skill level 5 in Necromancy
  2932 | D:12     | Reached skill level 5 in Translocations
  2932 | D:12     | Reached skill level 5 in Transmutations
  2932 | D:12     | Reached skill level 5 in Fire Magic
  2932 | D:12     | Reached skill level 5 in Ice Magic
  2932 | D:12     | Reached skill level 5 in Air Magic
  2932 | D:12     | Reached skill level 5 in Earth Magic
  2932 | D:12     | Reached skill level 5 in Poison Magic
  2945 | D:12     | Noticed a deep elf mage
  2953 | D:12     | Killed a deep elf mage
  3049 | D:11     | Found a staircase to the Lair.
  3074 | Lair:1   | Entered Level 1 of the Lair of Beasts
  3176 | Lair:2   | Identified the cursed +0 ring mail "Xineum" {rN+ Int+2} (You found it on level 2 of the Lair of Beasts)
  3240 | Lair:2   | Reached skill level 7 in Invocations
  3317 | Lair:2   | Noticed Nergalle
  3317 | Lair:2   | Noticed a four-headed hydra
  3318 | Lair:2   | Noticed Harold
  3322 | Lair:1   | Killed a four-headed hydra
  3438 | Lair:3   | Reached skill level 8 in Stealth
  3438 | Lair:3   | Reached XP level 12. HP: 96/96 MP: 20/22
  3442 | Lair:3   | Learned a level 2 spell: Ensorcelled Hibernation
  3453 | Lair:3   | Reached ***** piety under Cheibriados
  3542 | Lair:3   | Found a labyrinth entrance.
  3571 | Lair:2   | Killed Nergalle
  3596 | Lab      | Entered a labyrinth
  3788 | Lab      | Noticed a minotaur
  3792 | Lab      | Killed a minotaur
  3792 | Lab      | Reached skill level 7 in Long Blades
  3792 | Lab      | Reached skill level 7 in Axes
  3792 | Lab      | Reached skill level 7 in Maces & Flails
  3792 | Lab      | Reached skill level 7 in Polearms
  3792 | Lab      | Reached skill level 7 in Staves
  3792 | Lab      | Reached skill level 7 in Slings
  3792 | Lab      | Reached skill level 7 in Bows
  3792 | Lab      | Reached skill level 7 in Crossbows
  3792 | Lab      | Reached skill level 7 in Throwing
  3792 | Lab      | Reached skill level 7 in Armour
  3792 | Lab      | Reached skill level 7 in Shields
  3792 | Lab      | Reached skill level 7 in Unarmed Combat
  3792 | Lab      | Reached skill level 7 in Spellcasting
  3792 | Lab      | Reached skill level 7 in Evocations
  3794 | Lab      | Identified the amulet of Trepidation {MR+ Regen+} (You found it in a labyrinth)
  3798 | Lab      | Got an iridescent hunting sling
  3798 | Lab      | Got a smoking halberd
  3799 | Lab      | Identified the +11 halberd of Strategic Superiority {vamp, Str-5 Int+2 Dex+9} (You found it in a labyrinth)
  3800 | Lab      | Identified the +6 hunting sling of Zeiphuy {venom, SInv} (You found it in a labyrinth)
  3858 | Lair:4   | Noticed a catoblepas
  3943 | Lair:2   | Reached skill level 6 in Conjurations
  3943 | Lair:2   | Reached skill level 6 in Hexes
  3943 | Lair:2   | Reached skill level 6 in Charms
  3943 | Lair:2   | Reached skill level 6 in Summonings
  3943 | Lair:2   | Reached skill level 6 in Necromancy
  3943 | Lair:2   | Reached skill level 6 in Translocations
  3943 | Lair:2   | Reached skill level 6 in Transmutations
  3943 | Lair:2   | Reached skill level 6 in Fire Magic
  3943 | Lair:2   | Reached skill level 6 in Ice Magic
  3943 | Lair:2   | Reached skill level 6 in Air Magic
  3943 | Lair:2   | Reached skill level 6 in Earth Magic
  3943 | Lair:2   | Reached skill level 6 in Poison Magic
  3955 | Lair:2   | Reached skill level 8 in Invocations
  3998 | Lair:3   | Learned a level 4 spell: Fulminant Prism
  4052 | Lair:4   | Found a staircase to the Swamp.
  4075 | Lair:4   | Killed a catoblepas
  4075 | Lair:4   | Reached skill level 10 in Fighting
  4075 | Lair:4   | Reached skill level 10 in Short Blades
  4075 | Lair:4   | Reached skill level 10 in Dodging
  4147 | Swamp:1  | Entered Level 1 of the Swamp
  4153 | Swamp:1  | Reached XP level 13. HP: 103/103 MP: 24/24
  4195 | Swamp:1  | Reached skill level 9 in Stealth
  4291 | Swamp:2  | Found a frozen archway.
  4319 | IceCv    | Entered an ice cave
  4373 | IceCv    | Reached skill level 8 in Long Blades
  4373 | IceCv    | Reached skill level 8 in Axes
  4373 | IceCv    | Reached skill level 8 in Maces & Flails
  4373 | IceCv    | Reached skill level 8 in Polearms
  4373 | IceCv    | Reached skill level 8 in Staves
  4373 | IceCv    | Reached skill level 8 in Slings
  4373 | IceCv    | Reached skill level 8 in Bows
  4373 | IceCv    | Reached skill level 8 in Crossbows
  4373 | IceCv    | Reached skill level 8 in Throwing
  4373 | IceCv    | Reached skill level 8 in Armour
  4373 | IceCv    | Reached skill level 8 in Shields
  4373 | IceCv    | Reached skill level 8 in Unarmed Combat
  4373 | IceCv    | Reached skill level 8 in Spellcasting
  4373 | IceCv    | Reached skill level 8 in Evocations
  4632 | Swamp:2  | Found the +6 shillelagh "Devastator" {shatter}
  4750 | Swamp:3  | Reached skill level 9 in Invocations
  4839 | Swamp:4  | Entered Level 4 of the Swamp
  4927 | Swamp:4  | Reached skill level 7 in Conjurations
  4927 | Swamp:4  | Reached skill level 7 in Hexes
  4927 | Swamp:4  | Reached skill level 7 in Charms
  4927 | Swamp:4  | Reached skill level 7 in Summonings
  4927 | Swamp:4  | Reached skill level 7 in Necromancy
  4927 | Swamp:4  | Reached skill level 7 in Translocations
  4927 | Swamp:4  | Reached skill level 7 in Transmutations
  4927 | Swamp:4  | Reached skill level 7 in Fire Magic
  4927 | Swamp:4  | Reached skill level 7 in Ice Magic
  4927 | Swamp:4  | Reached skill level 7 in Air Magic
  4927 | Swamp:4  | Reached skill level 7 in Earth Magic
  4927 | Swamp:4  | Reached skill level 7 in Poison Magic
  4944 | Swamp:4  | Noticed a thorn hunter
  4953 | Swamp:4  | Reached XP level 14. HP: 100/111 MP: 8/26
  4956 | Swamp:4  | Killed a thorn hunter
  4976 | Swamp:4  | Reached skill level 11 in Fighting
  4976 | Swamp:4  | Reached skill level 11 in Short Blades
  4976 | Swamp:4  | Reached skill level 9 in Long Blades
  4976 | Swamp:4  | Reached skill level 9 in Axes
  4976 | Swamp:4  | Reached skill level 9 in Maces & Flails
  4976 | Swamp:4  | Reached skill level 9 in Polearms
  4976 | Swamp:4  | Reached skill level 9 in Staves
  4976 | Swamp:4  | Reached skill level 9 in Slings
  4976 | Swamp:4  | Reached skill level 9 in Bows
  4976 | Swamp:4  | Reached skill level 9 in Crossbows
  4976 | Swamp:4  | Reached skill level 9 in Throwing
  4976 | Swamp:4  | Reached skill level 9 in Armour
  4976 | Swamp:4  | Reached skill level 11 in Dodging
  4976 | Swamp:4  | Reached skill level 9 in Shields
  4976 | Swamp:4  | Reached skill level 9 in Unarmed Combat
  4976 | Swamp:4  | Reached skill level 9 in Spellcasting
  4976 | Swamp:4  | Reached skill level 9 in Evocations
  4985 | Swamp:4  | Got a decaying rune of Zot
  5009 | Swamp:4  | Noticed a thorn hunter
  5019 | Swamp:4  | Killed a thorn hunter
  5045 | Swamp:4  | Reached skill level 10 in Stealth
  5218 | Lair:5   | Noticed Urug
  5220 | Lair:5   | Killed Urug
  5220 | Lair:5   | Reached ****** piety under Cheibriados
  5220 | Lair:5   | Reached skill level 10 in Invocations
  5232 | Lair:5   | Noticed Kirke
  5245 | Lair:5   | Noticed a sphinx
  5251 | Lair:5   | Killed Kirke
  5268 | Lair:6   | Entered Level 6 of the Lair of Beasts
  5637 | Lair:6   | Reached skill level 8 in Conjurations
  5637 | Lair:6   | Reached skill level 8 in Hexes
  5637 | Lair:6   | Reached skill level 8 in Charms
  5637 | Lair:6   | Reached skill level 8 in Summonings
  5637 | Lair:6   | Reached skill level 8 in Necromancy
  5637 | Lair:6   | Reached skill level 8 in Translocations
  5637 | Lair:6   | Reached skill level 8 in Transmutations
  5637 | Lair:6   | Reached skill level 8 in Fire Magic
  5637 | Lair:6   | Reached skill level 8 in Ice Magic
  5637 | Lair:6   | Reached skill level 8 in Air Magic
  5637 | Lair:6   | Reached skill level 8 in Earth Magic
  5637 | Lair:6   | Reached skill level 8 in Poison Magic
  5639 | Lair:6   | Reached XP level 15. HP: 88/119 MP: 12/28
  5693 | Lair:6   | Identified a scroll of acquirement
  5808 | Lair:5   | Reached XP level 16. HP: 126/126 MP: 29/29
  5949 | Lair:6   | Reached skill level 10 in Long Blades
  5949 | Lair:6   | Reached skill level 10 in Axes
  5949 | Lair:6   | Reached skill level 10 in Maces & Flails
  5949 | Lair:6   | Reached skill level 10 in Polearms
  5949 | Lair:6   | Reached skill level 10 in Staves
  5949 | Lair:6   | Reached skill level 10 in Slings
  5949 | Lair:6   | Reached skill level 10 in Bows
  5949 | Lair:6   | Reached skill level 10 in Crossbows
  5949 | Lair:6   | Reached skill level 10 in Throwing
  5949 | Lair:6   | Reached skill level 10 in Armour
  5949 | Lair:6   | Reached skill level 10 in Shields
  5949 | Lair:6   | Reached skill level 10 in Unarmed Combat
  5949 | Lair:6   | Reached skill level 10 in Spellcasting
  5949 | Lair:6   | Reached skill level 10 in Evocations
  6187 | Lair:4   | Reached skill level 11 in Invocations
  6223 | Lair:4   | Found a staircase to the Snake Pit.
  6232 | Snake:1  | Entered Level 1 of the Snake Pit
  6348 | Snake:2  | Reached skill level 11 in Stealth
  6491 | Snake:2  | Reached skill level 12 in Fighting
  6491 | Snake:2  | Reached skill level 12 in Short Blades
  6491 | Snake:2  | Reached skill level 12 in Dodging
  6545 | Snake:2  | Found Piorenex's Food Boutique.
  6545 | Snake:2  | Found Xiyrgh's Jewellery Shop.
  6547 | Snake:2  | Found Fonyduv's Food Shop.
  6549 | Snake:2  | Found Inurorat's Assorted Antiques.
  6557 | Snake:2  | Bought an uncursed ring of resist corrosion for 340 gold pieces
  6560 | Snake:2  | Bought a blackened jasper amulet for 165 gold pieces
  6645 | Snake:4  | Entered Level 4 of the Snake Pit
  6746 | Snake:4  | Noticed a nagaraja
  6772 | Snake:4  | Killed a nagaraja
  6772 | Snake:4  | Reached skill level 9 in Conjurations
  6772 | Snake:4  | Reached skill level 9 in Hexes
  6772 | Snake:4  | Reached skill level 9 in Charms
  6772 | Snake:4  | Reached skill level 9 in Summonings
  6772 | Snake:4  | Reached skill level 9 in Necromancy
  6772 | Snake:4  | Reached skill level 9 in Translocations
  6772 | Snake:4  | Reached skill level 9 in Transmutations
  6772 | Snake:4  | Reached skill level 9 in Fire Magic
  6772 | Snake:4  | Reached skill level 9 in Ice Magic
  6772 | Snake:4  | Reached skill level 9 in Air Magic
  6772 | Snake:4  | Reached skill level 9 in Earth Magic
  6772 | Snake:4  | Reached skill level 9 in Poison Magic
  6835 | Snake:3  | Noticed a nagaraja
  6846 | Snake:3  | Killed a nagaraja
  6887 | Snake:3  | Reached XP level 17. HP: 133/133 MP: 31/31
  6936 | Snake:3  | Found Ikkisaha's Gadget Emporium.
  6936 | Snake:3  | Found Xiarau's Jewellery Boutique.
  6937 | Snake:3  | Found Nuten's Jewellery Boutique.
  6953 | Snake:3  | Bought a +4 ring of protection for 360 gold pieces
  6959 | Snake:3  | Bought a wand of acid (8) for 312 gold pieces
  6959 | Snake:3  | Bought a box of beasts for 260 gold pieces
  7247 | Snake:4  | HP: 7/135 [naga warrior/battleaxe (20)]
  7247 | Snake:4  | HP: 2/135 [naga sharpshooter/bolt (5)]
  7248 | Snake:4  | Shot with a bolt by a naga sharpshooter

Skill      XL: |  1  2  3  4  5  6  7  8  9 10 11 12 13 14 15 16 |
---------------+-------------------------------------------------+-----
Invocations    | 1 2 3 4 5 6 7 8 9 10 11 | 11.8
Long Blades    | 1 2 3 5 6 7 8 9 10 | 10.9
Axes           | 1 2 3 5 6 7 8 9 10 | 10.9
Maces & Flails | 1 2 3 5 6 7 8 9 10 | 10.9
Polearms       | 1 2 3 5 6 7 8 9 10 | 10.9
Staves         | 1 2 3 5 6 7 8 9 10 | 10.9
Slings         | 1 2 3 5 6 7 8 9 10 | 10.9
Bows           | 1 2 3 5 6 7 8 9 10 | 10.9
Crossbows      | 1 2 3 5 6 7 8 9 10 | 10.9
Throwing       | 1 2 3 5 6 7 8 9 10 | 10.9
Armour         | 1 2 3 5 6 7 8 9 10 | 10.9
Shields        | 1 2 3 5 6 7 8 9 10 | 10.9
Unarmed Combat | 1 2 3 5 6 7 8 9 10 | 10.9
Spellcasting   | 1 2 3 5 6 7 8 9 10 | 10.9
Evocations     | 1 2 3 5 6 7 8 9 10 | 10.9
Conjurations   | 1 2 3 4 5 6 7 8 9 |  9.3
Hexes          | 1 2 3 4 5 6 7 8 9 |  9.3
Charms         | 1 2 3 4 5 6 7 8 9 |  9.3
Summonings     | 1 2 3 4 5 6 7 8 9 |  9.3
Necromancy     | 1 2 3 4 5 6 7 8 9 |  9.3
Translocations | 1 2 3 4 5 6 7 8 9 |  9.3
Transmutations | 1 2 3 4 5 6 7 8 9 |  9.3
Fire Magic     | 1 2 3 4 5 6 7 8 9 |  9.3
Ice Magic      | 1 2 3 4 5 6 7 8 9 |  9.3
Air Magic      | 1 2 3 4 5 6 7 8 9 |  9.3
Earth Magic    | 1 2 3 4 5 6 7 8 9 |  9.3
Poison Magic   | 1 2 3 4 5 6 7 8 9 |  9.3
Fighting       | 7 8 9 10 11 12 | 12.5
Short Blades   | 7 8 9 10 11 12 | 12.5
Dodging        | 7 8 9 10 11 12 | 12.5
Stealth        | 5 6 7 8 9 10 11 | 11.6

Action                   |  1- 3 |  4- 6 |  7- 9 | 10-12 | 13-15 | 16-18 || total
-------------------------+-------+-------+-------+-------+-------+-------++-------
Melee: Short sword       |    77 |   247 |   171 |   386 |   334 |   300 ||  1515
       Bite              |    12 |    21 |    29 |    81 |    65 |    50 ||   258
       Punch             |       |     4 |     1 |     5 |       |       ||    10
       Eveningstar       |       |       |       |     3 |       |       ||     3
       Dagger            |       |       |       |     1 |       |       ||     1
       Shillelagh        |       |       |       |       |     6 |       ||     6
Throw: Throwing net      |     2 |       |       |       |       |       ||     2
       Javelin           |       |       |     5 |    19 |    15 |    20 ||    59
 Cast: Dazzling Spray    |       |       |       |    13 |    27 |    30 ||    70
       Ensorcelled Hiber |       |       |       |     9 |    68 |    59 ||   136
Invok: Slouch            |       |       |       |     1 |     6 |    10 ||    17
       Bend Time         |       |       |       |       |       |     1 ||     1
Evoke: Wand              |       |       |     3 |     7 |    18 |    14 ||    42
       Lamp of fire      |       |       |       |       |     1 |       ||     1
  Use: Scroll            |     1 |     4 |    10 |    16 |     6 |     4 ||    41
       Potion            |       |     3 |     9 |       |     2 |     3 ||    17
 Stab: Sleeping          |     5 |     4 |     4 |    23 |    43 |    47 ||   126
       Distracted        |     1 |       |       |     1 |     2 |       ||     4
       Held in net/web   |     1 |       |       |       |       |       ||     1
       Invisible         |       |       |       |     5 |    16 |    21 ||    42
       Paralysed         |       |       |       |     3 |     2 |       ||     5
       Confused          |       |       |       |     1 |     1 |       ||     2
       Petrified         |       |       |       |       |       |     1 ||     1
  Eat: Chunk             |       |     2 |     2 |     5 |     1 |     2 ||    12
       Ration            |       |       |       |       |     1 |     1 ||     2
Armor: Robe              |     7 |    24 |     2 |       |       |       ||    33
       Ring mail         |       |       |    25 |    64 |    90 |    35 ||   214
Dodge: Dodged            |    55 |   195 |   115 |   185 |   257 |   234 ||  1041
Block: Shield            |       |       |       |   135 |   249 |   232 ||   616

Table legend:
 A = Turns spent in this place as a percentage of turns spent in the entire game.
 B = Non-inter-level travel turns spent in this place as a percentage of non-inter-level travel turns spent in the entire game.
 C = Inter-level travel turns spent in this place as a percentage of turns spent in this place.
 D = Turns resting spent in this place as a percentage of non-inter-level travel turns spent in this place.
 E = Turns spent auto-exploring this place as a percentage of non-inter-level travel turns spent in this place.
 F = Non-inter-level travel turns spent in this place divided by the number of levels of this place that you've seen.
                   A       B       C       D       E      F
               +-------+-------+-------+-------+-------+----------------------
         Total | 100.0 | 100.0 |   0.8 |   0.0 |   0.0 | 232.0
       Dungeon |  34.9 |  34.8 |   0.9 |   0.0 |   0.0 | 192.6
        Temple |   1.2 |   0.9 |  22.6 |   0.0 |   0.0 |  65.0
          Lair |  26.0 |  26.0 |   0.7 |   0.2 |   0.0 | 311.7
         Swamp |  11.3 |  11.4 |   0.0 |   0.0 |   0.0 | 204.2
     Snake Pit |  14.0 |  14.1 |   0.0 |   0.0 |   0.0 | 254.0
     Labyrinth |   3.0 |   3.0 |   0.0 |   0.0 |   0.0 | 215.0
         Sewer |   6.4 |   6.4 |   0.0 |   0.0 |   0.0 | 463.0
      Ice Cave |   3.3 |   3.4 |   0.0 |   0.0 |   0.0 | 242.0
               +-------+-------+-------+-------+-------+----------------------

Table legend:
 A = Kills in this place as a percentage of kills in entire the game.
 B = Kills by you in this place as a percentage of kills by you in the entire game.
 C = Kills by friends in this place as a percentage of kills by friends in the entire game.
 D = Other kills in this place as a percentage of other kills in the entire game.
 E = Experience gained in this place as a percentage of experience gained in the entire game.
 F = Experience gained in this place divided by the number of levels of this place that you have seen.
                   A       B       C       D       E      F
               +-------+-------+-------+-------+-------+----------------------
         Total | 100.0 | 100.0 |   N/A |   N/A | 100.0 | 5290.5
       Dungeon |  28.2 |  28.2 |   N/A |   N/A |   7.8 | 979.0
          Lair |  27.1 |  27.1 |   N/A |   N/A |  32.8 | 8967.8
         Swamp |  13.6 |  13.6 |   N/A |   N/A |  21.9 | 8964.2
     Snake Pit |  18.4 |  18.4 |   N/A |   N/A |  34.7 | 14230.0
     Labyrinth |   0.2 |   0.2 |   N/A |   N/A |   0.6 | 1058.0
         Sewer |   9.1 |   9.1 |   N/A |   N/A |   0.1 | 229.0
      Ice Cave |   3.4 |   3.4 |   N/A |   N/A |   2.1 | 3407.0
               +-------+-------+-------+-------+-------+----------------------

Vault maps used:
D:1:      lordsloth_arrival_two_stooges
D:2:      minmay_wonky_spiral, first_ration
D:3:      portal_sewer_entry_f, uniq_ijyb, uniq_grinder
D:4:      uniq_natasha, uniq_menkaure, uniq_eustachio
D:5:      uniq_blork_the_orc, uniq_sigmund
D:6:      gammafunk_steamed_eel, dk_rats_in_the_wall, uniq_pikel, uniq_edmund
D:7:      nicolae_overflow_hidden_temple, minmay_temple_entry_glassed_door,
          grunt_livestock, grunt_ministairs_6, ashenzari_altar_1
D:8:      uniq_gastronok, uniq_joseph
D:9:      orc_0_dummy, serial_shops, shop, dk_noncrumbling_3
D:10:     nicolae_dithmenos_shadow_blocks
D:11:     david_lair_shrubbed
D:13:     kennysheep_treasure_stockpile, grunt_vaults_entry_fortified,
          serial_shops, shop, enter_trove_1, uniq_sonja, uniq_rupert,
          uniq_maurice
Temple:   regret_index_temple_sigil_plot
Lair:1:   lemuel_fruit_fields, grunt_megastairs_3
Lair:2:   st_stairs_12, uniq_nergalle, uniq_harold
Lair:3:   lab_entry_generic, st_stairs_11
Lair:4:   beast_lair_carwin_large_2, minmay_swamp_entry_reptiles,
          infiniplex_staircase_pool_2, grunt_megastairs_5
Lair:5:   slime_dummy, lemuel_fruit_fields, uniq_kirke, uniq_snorg, uniq_urug
Lair:6:   guppyfry_lair_end_dragon, hangedman_lair_in_review
Swamp:1:  evilmike_swamp_ruin_house_2
Swamp:2:  portal_ice_cave_entry_pillars_three, nicolae_swamp_fairy_circle
Swamp:3:  evilmike_swamp_ruin_rubble_1
Swamp:4:  swamp, uniq_aizul
Snake:2:  cheibrodos_snake_lava_hold, serial_bayou_shore_b, minmay_shoptagon
Snake:3:  minmay_shop_grove
Snake:4:  snake_pit, serial_bayou_pond_c, spider_trap
Sewer:    sewer_minmay_treatment
IceCv:    ice_cave_small_demon
